 Dungeon Crawl Stone Soup version 0.16.2-12-gd0ad4c3 (webtiles) character file.

879 Charly the Cleaver (level 7, 0/60 HPs)
             Began as a Deep Dwarf Gladiator on Aug 1, 2016.
             Slain by an orc warrior
             ... wielding a +0 battleaxe
              (19 damage)
             ... on level 7 of the Dungeon.
             The game lasted 00:20:40 (1085 turns).

Charly the Cleaver (Deep Dwarf Gladiator)           Turns: 1085, Time: 00:20:40

Health: 0/60       AC:  7    Str: 19    XL:     7   Next: 75%
Magic:  5/5        EV: 11    Int:  8    God:
Gold:   117        SH:  0    Dex: 15    Spells: 0 memorised, 6 levels left

rFire  . . .     SeeInvis .     a - +0 war axe
rCold  . . .     Clarity  .     l - +0 scale mail
rNeg   . . .     SustAb   .     (no shield)
rPois  .         Gourm    .     c - +0 helmet
rElec  .         Spirit   .     (no cloak)
rCorr  .         Warding  .     (no gloves)
rMut   .         Stasis   .     (no boots)
MR     +....                    (no amulet)
Stlth  ..........               (no ring)
                                (no ring)

@: non-regenerating, somewhat resistant to hostile enchantments, extremely
unstealthy
A: damage resistance, recharge devices, sense surroundings 1, slow healing 3
a: Device Recharging


You were on level 7 of the Dungeon.
You were very hungry.

You visited 2 branches of the dungeon, and saw 9 of its levels.
You also visited: Ossuary.

You collected 117 gold pieces.

Inventory:

Hand weapons
 a - a +0 war axe (weapon)
Armour
 c - a +0 helmet (worn)
 l - a +0 scale mail (worn)
Magical devices
 e - a wand of heal wounds (3)
Scrolls
 g - a scroll of enchant armour {unknown}
 n - a scroll of immolation {unknown}
 o - 2 scrolls of recharging {unknown}
 s - 2 scrolls of noise {unknown}
 u - 2 scrolls of remove curse
 v - a scroll of amnesia {unknown}
Potions
 b - a potion of cancellation
 h - a potion of resistance {unknown}
 i - 3 potions of brilliance
 p - 2 potions of haste {unknown}
 r - a potion of poison {unknown}
 t - 2 potions of curing {unknown}
Books
 j - a book of the Dragon

   Spells                             Type                      Level
   a - Flight                         Charms/Air                   3
   b - Cause Fear                     Hexes                        4
   c - Bolt of Fire                   Conjuration/Fire             6
   d - Dragon Form                    Transmutation                7
   e - Dragon's Call                  Summoning                    9
Comestibles
 f - 3 bread rations


   Skills:
 * Level 2.0 Fighting
 * Level 10.1 Axes
 - Level 1.7 Throwing
 + Level 0.4 Armour
 + Level 3.2 Dodging


You had 6 spell levels left.
You didn't know any spells.

Dungeon Overview and Level Annotations

Branches:
Dungeon (8/15)             Temple (1/1) D:5
   Lair: D:8-11

Altars:
Ashenzari
Cheibriados
Dithmenos
Gozag
Nemelex Xobeh
Ru
Trog
Vehumet
Yredelemnul
The Shining One

Annotations:
D:2 Robin


Innate Abilities, Weirdness & Mutations

You are resistant to damage.
You can recharge devices by infusing magical energy.
You passively map a small area around you.
You do not heal naturally.


Message History

Charge which item? (? for menu, Esc to quit)
Your wand of heal wounds (1) glows for a moment and now has 4 charges.
The big kobold barely misses you. The orc warrior closely misses you.
The orc priest completely misses you.
Unknown command.
You closely miss the orc priest. You closely miss the big kobold.
The big kobold is severely wounded.
You hit the orc warrior but do no damage.
The orc warrior is lightly wounded.
The big kobold hits you.
The orc warrior hits you with a battleaxe!!
* * * LOW HITPOINT WARNING * * *
The orc priest closely misses you.
Evoke which item? (* to show all) (? for menu, Esc to quit)
Zapping:
e - a wand of heal wounds (4)
Press: ? - help, Shift-Dir - straight line, f - you, p - orc warrior You feel much better.
This wand has 3 charges left.
The big kobold closely misses you.
The orc warrior hits you with a battleaxe!!
You die...

, #.# , , , #.# , #.#
. #.#* , .:####
#.#**.#.. , ....##!#
#.#...# #.....#
#.#...# ,
,#.K#.###.....# * ,
,#.@o(........# **
###o...##....#
#.⌠#(..##....####. ,
,....o#....#....<....#
* ,......####...>....#
...o# #..##.......# *
_o.. ,#..# .#..##. , ,
, (.o* #..#*.#,..# *
**#..# .# ##


You could see an orc warrior, a big kobold and an orc priest.

Vanquished Creatures
  A wraith (Ossuary)
  Purgy (D:3)
  2 phantoms
  A centaur (D:5)
  A scorpion (D:4)
  4 wights (D:6)
  A hound (D:7)
  2 mummies
  4 gnolls
  4 adders
  A giant gecko (D:3)
  An ooze (D:1)
  An orc (D:5)
  A giant cockroach (D:7)
  4 goblins
  6 hobgoblins
  5 kobolds
  A bat (D:4)
  2 giant newts (D:1)
  4 gnoll skeletons (Ossuary)
  2 kobold skeletons (Ossuary)
  9 orc skeletons (Ossuary)
  An orc zombie (D:4)
  A quokka skeleton (D:4)
  4 rats
64 creatures vanquished.

Vanquished Creatures (others)
  An orc (D:4)
  2 kobolds (D:4)
3 creatures vanquished.

Grand Total: 67 creatures vanquished

Notes
Turn   | Place    | Note
--------------------------------------------------------------
     0 | D:1      | Charly, the Deep Dwarf Gladiator, began the quest for the Orb.
     0 | D:1      | Reached XP level 1. HP: 19/19 MP: 1/1
   200 | D:1      | Reached XP level 2. HP: 26/26 MP: 2/2
   218 | D:1      | Reached skill level 4 in Axes
   285 | D:2      | Noticed Robin
   292 | D:3      | Noticed Purgy
   328 | D:3      | Killed Purgy
   328 | D:3      | Reached skill level 5 in Axes
   328 | D:3      | Reached XP level 3. HP: 12/32 MP: 3/3
   328 | D:3      | Reached XP level 4. HP: 14/39 MP: 4/4
   363 | D:3      | Reached skill level 6 in Axes
   378 | D:4      | Noticed a phantom
   402 | D:4      | Found a snail-covered altar of Cheibriados.
   429 | D:4      | Killed a phantom
   429 | D:4      | Reached XP level 5. HP: 24/45 MP: 5/5
   431 | D:4      | Found a sand-covered staircase.
   438 | D:4      | Reached skill level 7 in Axes
   442 | Ossuary  | Entered an ossuary
   442 | Ossuary  | Noticed a wraith
   442 | Ossuary  | Noticed a wraith
   442 | Ossuary  | Noticed a wraith
   498 | Ossuary  | Noticed a wraith
   516 | Ossuary  | Killed a wraith
   516 | Ossuary  | Reached skill level 8 in Axes
   516 | Ossuary  | Reached XP level 6. HP: 17/52 MP: 5/5
   613 | D:4      | Found a basalt altar of Yredelemnul.
   683 | D:5      | Entered Level 5 of the Dungeon
   731 | D:5      | Reached XP level 7. HP: 32/58 MP: 6/6
   863 | D:6      | Reached skill level 9 in Axes
   876 | D:5      | Found a staircase to the Ecumenical Temple.
   895 | Temple   | Entered the Ecumenical Temple
  1023 | D:7      | Reached skill level 10 in Axes
  1066 | D:7      | Found a shattered altar of Ashenzari.
  1084 | D:7      | HP: 3/60 [orc warrior/battleaxe (21)]
  1085 | D:7      | Slain by an orc warrior

Action                   |  1- 3 |  4- 6 |  7- 9 || total
-------------------------+-------+-------+-------++-------
Melee: War axe           |    77 |   111 |    85 ||   273
Throw: Throwing net      |     3 |       |     1 ||     4
 Abil: Device Recharging |       |     1 |     1 ||     2
Evoke: Wand              |     1 |     2 |     3 ||     6
  Use: Scroll            |       |     8 |     1 ||     9
       Potion            |       |     2 |       ||     2
 Stab: Held in net/web   |     1 |       |       ||     1
